 Dungeon Crawl Stone Soup version 0.21-a0-137-g951aa02 (webtiles) character file.

145747 kuniqs the Eclecticist (level 16, -6/79 HPs)
             Began as a Spriggan Fire Elementalist on July 18, 2017.
             Was the Champion of Kikubaaqudgha.
             Mangled by the 27-headed Lernaean hydra (8 damage)
             ... on level 4 of the Swamp.
             The game lasted 02:07:57 (42331 turns).

kuniqs the Eclecticist (SpFE)                      Turns: 42331, Time: 02:07:58

Health: -6/79      AC: 15    Str:  6    XL:     16   Next: 88%
Magic:  49/58      EV: 25    Int: 28    God:    Kikubaaqudgha [******]
Gold:   2972       SH:  0    Dex: 12    Spells: 4/51 levels left

rFire    + . .     SeeInvis +   L - +9 arbalest of Tartarus {flame, rElec MR+ Dex-5}
rCold    + . .     Gourm    .   (shield currently unavailable)
rNeg     . . .     Faith    .   T - +2 robe {rC+ rF+}
rPois    .         Spirit   .   i - +3 hat of Pondering {ponderous, MR+ MP+10 Int+5}
rElec    +         Reflect  .   c - +1 cloak
rCorr    .         Harm     .   (gloves unavailable)
MR       ++++.     Clarity  +   (boots unavailable)
Stlth    ++++++....             J - amulet of regeneration
HPRegen  0.63/turn              u - ring of magical power
MPRegen  0.36/turn              o - +6 ring of protection

@: lethally poisoned (-6 -> -8), very quick
A: unfitting armour, see invisible, clarity, herbivore 3, speed 3, mutation
resistance 1, slow metabolism 2, strong 1
a: Receive Corpses, Torment, Renounce Religion


You were on level 4 of the Swamp.
You worshipped Kikubaaqudgha.
Kikubaaqudgha was exalted by your worship.
You were very full.

You visited 5 branches of the dungeon, and saw 28 of its levels.
You also visited: Labyrinth, Sewer and Ice Cave.

You collected 3161 gold pieces.
You spent 189 gold pieces at shops.

Inventory:

Hand Weapons
 L - the +9 arbalest of Tartarus (weapon) {flame, rElec MR+ Dex-5}
   (You found it in a labyrinth)

   It causes projectiles fired from it to burn those they strike, causing extra
   injury to most foes and up to half again as much damage against particularly
   susceptible opponents.
   It affects your dexterity (-5).
   It insulates you from electricity.
   It affects your resistance to hostile enchantments.
Missiles
 k - 529 bolts (quivered)
 x - 5 throwing nets
Armour
 c - a +1 cloak (worn)
 i - the +3 hat of Pondering (worn) {ponderous, MR+ MP+10 Int+5}
   (You took it off Gastronok on level 1 of the Orcish Mines)

   It affects your intelligence (+5).
   It affects your resistance to hostile enchantments.
   It affects your magic capacity (+10).
 T - a +2 robe of resistance (worn)
Jewellery
 a - an uncursed ring of fire
 o - a +6 ring of protection (right hand)
 u - a ring of magical power (left hand)
 I - an uncursed ring of protection from cold
 J - an amulet of regeneration (around neck)
Wands
 e - a wand of digging (8/24)
 E - a wand of confusion (34/48)
 G - a wand of confusion (15/48)
 O - a wand of scattershot (1/9)
 P - a wand of iceblast (5/15)
 Q - a wand of paralysis (7/24)
 X - a wand of digging (12/24)
 Y - a wand of flame (30/48)
 Z - a wand of disintegration (9/24)
Scrolls
 g - 7 scrolls of teleportation
 h - 8 scrolls of amnesia
 l - 10 scrolls of remove curse {@r2}
 n - 4 scrolls of fear
 p - a scroll of recharging
 r - 3 scrolls of blinking
 s - 2 scrolls of fog
 y - 2 scrolls of magic mapping
 C - a scroll of vulnerability
 D - 2 scrolls of immolation
 S - 5 scrolls of identify {@r1}
 U - a scroll of summoning
 V - a scroll of holy word
Potions
 j - 7 potions of curing {@q1}
 q - 3 potions of haste
 t - 8 potions of mutation
 v - 2 potions of brilliance
 z - 3 potions of flight
 F - 2 potions of invisibility
 H - a potion of lignification
 K - 3 potions of magic
 M - a potion of heal wounds
 N - 5 potions of might
 R - a potion of agility
Books
 b - a book of Flames

   Spells                             Type                      Level
   a - Flame Tongue                   Conjuration/Fire             1
   b - Throw Flame                    Conjuration/Fire             2
   c - Conjure Flame                  Conjuration/Fire             3
   d - Inner Flame                    Hexes/Fire                   3
   e - Sticky Flame                   Conjuration/Fire             4
   f - Fireball                       Conjuration/Fire             5
 w - Kikubaaqudgha's Incunabulum of Darkness
   (Kikubaaqudgha gifted it to you on level 10 of the Dungeon)

   Spells                             Type                      Level
   a - Animate Dead                   Necromancy                   4
   b - Agony                          Necromancy                   5
   c - Cigotuvi's Embrace             Necromancy                   5
   d - Dispel Undead                  Necromancy                   5
   e - Death Channel                  Necromancy                   6
 A - Kikubaaqudgha's Handbook of Unholy Rituals
   (Kikubaaqudgha gifted it to you on level 7 of the Dungeon)

   Spells                             Type                      Level
   a - Pain                           Necromancy                   1
   b - Corpse Rot                     Necromancy                   2
   c - Sublimation of Blood           Necromancy                   2
   d - Vampiric Draining              Necromancy                   3
   e - Control Undead                 Necromancy                   4
 W - a book of Frost

   Spells                             Type                      Level
   a - Freeze                         Ice                          1
   b - Throw Frost                    Conjuration/Ice              2
   c - Ozocubu's Armour               Charms/Ice                   3
   d - Throw Icicle                   Conjuration/Ice              4
   e - Summon Ice Beast               Ice/Summoning                4
Miscellaneous
 B - a lightning rod (1/4)
Comestibles
 d - 19 bread rations
 f - 8 fruits
 m - 3 royal jellies


   Skills:
 - Level 6.6 Fighting
 - Level 12.0 Dodging
 - Level 14.5 Stealth
 - Level 18.0 Spellcasting
 - Level 9.3 Conjurations
 - Level 6.0 Hexes
 - Level 2.9 Summonings
 + Level 10.4 Necromancy
 + Level 8.0 Transmutations
 - Level 10.4 Fire Magic
 - Level 2.7 Air Magic
 - Level 6.0 Evocations


You had 4 spell levels left.
You knew the following spells:

 Your Spells              Type           Power        Failure   Level  Hunger
a - Flame Tongue          Conj/Fire      #####        1%          1    None
b - Throw Flame           Conj/Fire      ######       1%          2    None
c - Conjure Flame         Conj/Fire      ######..     1%          3    None
d - Sticky Flame          Conj/Fire      ######..     1%          4    None
e - Fireball              Conj/Fire      ######....   1%          5    None
f - Vampiric Draining     Necr           ######....   1%          3    None
g - Irradiate             Conj/Tmut      ######....   1%          5    None
h - Animate Dead          Necr           N/A          1%          4    None
i - Fulminant Prism       Conj/Hex       ######....   1%          4    None
j - Cause Fear            Hex            ######....   1%          4    None
k - Summon Lightning Spi  Summ/Air       #####...     5%          4    None
l - Necromutation         Tmut/Necr      ######....   95%         8    ######.


Dungeon Overview and Level Annotations

Branches:
Dungeon (15/15)            Temple (1/1) D:6            Lair (6/6) D:8
  Swamp (4/4) Lair:3        Snake (0/4) Lair:2        Slime (0/5) Lair:5
    Orc (2/2) D:10            Elf (0/3) Orc:2        Vaults (0/5) D:13
 Depths: D:15

Altars:
Ashenzari
Cheibriados
Dithmenos
Elyvilon
Fedhas
Gozag
Hepliaklqana
Kikubaaqudgha
Makhleb
Nemelex Xobeh
Okawaru
Qazlal
Ru
Sif Muna
Trog
Uskayaw
Vehumet
Wu Jian
Yredelemnul
Zin
The Shining One
Jiyva

Shops:
D:5 :   D:7 :   D:9 :*[!   D:14 (   Orc:2 *:(*

Portals:
Trove: D:11 (give +4 shadow dragon scales)

Annotations:
D:5 exclusion: door
D:6 1 exclusion
D:14 exclusion: 2 doors
D:15 exclusion: door
Lair:3 exclusion: 3 oklob plants
Swamp:4 Lernaean hydra


Innate Abilities, Weirdness & Mutations

You are very small and have problems with some larger weapons.
You are too small for most types of armour.
You have supernaturally acute eyesight. (SInv)
You are a herbivore.
You cover ground extremely quickly.
You need consume almost no food.
You possess an exceptional clarity of mind.
You are somewhat resistant to further mutation.
Your muscles are strong. (Str +2)


Message History

The 27-headed Lernaean hydra completely misses you. x2
The 27-headed Lernaean hydra bites you but does no damage.
The 27-headed Lernaean hydra bites you!
* * * LOW HITPOINT WARNING * * *
The 27-headed Lernaean hydra bites you!
* * * LOW HITPOINT WARNING * * *
The 27-headed Lernaean hydra bites you but does no damage.
The 27-headed Lernaean hydra bites you.
* * * LOW HITPOINT WARNING * * *
The 27-headed Lernaean hydra completely misses you.
The 27-headed Lernaean hydra misses you.
The 27-headed Lernaean hydra bites you but does no damage.
The 27-headed Lernaean hydra bites you.
* * * LOW HITPOINT WARNING * * *
The 27-headed Lernaean hydra bites you but does no damage.
The 27-headed Lernaean hydra bites you.
* * * LOW HITPOINT WARNING * * *
The 27-headed Lernaean hydra bites you!
You die...
Kikubaaqudgha rasps: "You have failed me!
Welcome... death!"

≈≈≈≈.♣≈.≈≈≈≈≈....≈≈≈≈....♣≈...≈[.
≈≈≈<≈.≈≈.(≈≈≈≈.≈≈≈≈§.♣♣♣≈≈≈≈....≈
≈≈....≈≈..≈≈...≈≈≈≈≈.≈♣♣.≈≈≈≈..≈≈
≈≈.......≈...≈.≈≈≈≈≈..♣♣§≈≈≈.≈.≈≈
≈§....≈≈≈≈≈.≈♣≈≈≈≈..≈♣♣♣♣.≈......
♣♣≈≈≈≈≈≈§..♣...≈≈≈.≈≈♣≈♣≈♣...≈≈≈.
♣♣≈.♣♣♣≈≈♣♣♣≈♣♣≈≈..≈≈≈≈≈♣♣♣.≈≈≈≈≈
♣≈.≈♣.≈♣.≈≈♣♣♣♣≈≈.≈≈≈≈≈≈♣♣≈..≈≈≈≈
♣♣♣♣♣♣♣♣.≈.♣ ♣♣≈@≈≈≈♣§≈♣♣....≈≈≈≈
♣♣♣♣♣ ♣.≈≈DZZ§§≈≈♣.≈.≈..≈≈
♣≈≈≈≈≈≈)≈≈♣≈♣♣♣♣♣♣≈.
♣≈≈≈≈≈D§§....≈≈.≈.§≈
♣♣♣.≈≈§≈i...≈.♣♣..♣♣
♣♣♣≈§≈....♣♣♣♣♣♣♣♣ ♣♣♣§k≈.♣♣
##.≈≈# #§≈.#


You could see the 27-headed Lernaean hydra, a swamp dragon, a swamp drake, a
spriggan, a friendly eight-headed hydra zombie and a friendly spiny frog zombie.

Vanquished Creatures
  Nikola (Swamp:3)
  A bone dragon (D:15)
  Gastronok (Orc:1)
  2 thorn hunters (Swamp:3)
  The ghost of p0werm0de the Destroyer, an adept OpWz of Makhleb (Swamp:4)
  An ettin (Orc:2)
  A minotaur (Lab)
  A yaktaur captain (D:11)
  2 fire dragons
  2 ice dragons
  25 hydras
  2 catoblepae
  Erica (D:9)
  4 ghost crabs
  5 alligators
  4 centaur warriors
  2 two-headed ogres
  4 death yaks
  2 tengu warriors
  A fire crab (Lair:5)
  10 spriggans
  A skeletal warrior (D:13)
  2 unseen horrors
  2 spriggan druids (Swamp:4)
  8 swamp dragons
  3 shambling mangroves
  2 deep elf archers
  Pikel (D:7)
  A lindwurm (Lair:6)
  4 orc knights
  A cyclops (D:15)
  An orc sorcerer (Orc:1)
  3 deep elf magi
  4 ugly things
  3 manticores
  3 elephants (Lair:6)
  7 black mambas
  11 centaur zombies
  2 molten gargoyles (Lair:6)
  A gargoyle (D:13)
  20 spiny frogs
  A rime drake (Lair:4)
  2 yaktaurs (D:13)
  An efreet (D:13)
  2 redback zombies (D:15)
  A tengu conjurer (D:14)
  7 trolls
  12 komodo dragons
  3 polar bears
  7 tyrant leeches
  18 hornets
  10 bog bodies
  9 hippogriffs
  A meliai zombie (D:15)
  A raiju (shapeshifter) (D:14)
  16 blink frogs
  A dream sheep (shapeshifter) (D:11)
  6 slime creatures (Swamp:1)
  A water elemental (D:14)
  2 vampires (D:11)
  6 wyverns
  Sigmund (D:6)
  A human (D:9)
  A wraith (D:11)
  2 shadows
  5 basilisks
  4 hogs (D:9)
  20 yaks
  10 vampire mosquitoes
  2 hungry ghosts
  19 swamp worms
  4 insubstantial wisps (Swamp:1)
  8 wargs
  4 nagas (Lair:2)
  7 water moccasins
  An acid dragon (D:13)
  2 soldier ants
  6 porcupines
  2 black bears
  2 hell hounds (Lair:6)
  37 orc warriors
  9 swamp drakes
  3 sky beasts
  6 phantoms
  An eye of draining (D:11)
  3 ice beasts
  11 ogres
  A slave (D:7)
  6 wolves
  26 centaurs
  A necrophage (D:6)
  11 crocodiles
  4 big kobolds
  15 bullfrogs
  5 gnoll sergeants
  2 scorpions
  A hornet simulacrum (D:11)
  A howler monkey (D:5)
  5 wights (D:11)
  11 electric eels
  9 crimson imps
  A lava snake (Lair:6)
  A quasit (D:12)
  A bullfrog zombie (D:9)
  5 jellies
  5 hounds
  18 orc priests
  3 iguanas
  3 bullfrog skeletons
  17 centaur skeletons
  16 orc wizards
  7 gnoll shamans
  6 worker ants
  2 hound zombies
  A hound skeleton (D:6)
  49 gnolls
  13 adders
  3 howler monkey skeletons
  A shadow imp (D:15)
  3 oozes
  2 adder skeletons
  3 adder zombies
  A worm (D:5)
  A worm (shapeshifter) (D:11)
  A dart slug (D:2)
  11 leopard geckos
  50 orcs
  9 giant cockroaches
  13 goblins
  6 hobgoblins
  20 jackals
  4 quokkas
  4 bats
  12 frilled lizards
  9 kobolds
  A leopard gecko skeleton (D:6)
  A quokka skeleton (D:9)
  8 rats
840 creatures vanquished.

Vanquished Creatures (collateral kills)
  Josephine (Lair:6)
  7 hydras
  A centaur warrior (D:13)
  5 death yaks
  A swamp dragon (Swamp:4)
  A deep elf mage (D:13)
  2 elephants (Lair:6)
  An ugly thing (D:13)
  2 black mambas (Lair:6)
  A molten gargoyle (Lair:6)
  2 spiny frogs
  A centaur skeleton (D:13)
  3 yaktaurs (D:13)
  3 komodo dragons (Lair:6)
  A troll (D:12)
  4 blink frogs
  2 hippogriffs
  4 wraiths (Lair:6)
  3 wyverns (Lair:6)
  A basilisk (Lair:4)
  2 hungry ghosts (D:12)
  A steam dragon (Lair:6)
  A hell hound (Lair:6)
  5 water moccasins
  A porcupine (Lair:5)
  3 swamp drakes (Swamp:4)
  2 ice beasts
  A centaur (D:13)
  A bullfrog (Lair:5)
  4 lava snakes (Lair:6)
  A jelly (D:11)
  A hound (D:12)
  An orc wizard (D:13)
  A worker ant (D:13)
  An orc (D:13)
  A bush (Lair:6)
  A fungus (Lair:4)
  A plant (Lair:4)
75 creatures vanquished.

Vanquished Creatures (others)
  An ogre (D:7)
  A slave (D:7)
  A bullfrog zombie (D:13)
  65 fulminant prisms
  15 fungi
  16 plants
99 creatures vanquished.

Grand Total: 1014 creatures vanquished

Notes
Turn   | Place    | Note
-------+----------+-------------------------------------------
     0 | D:1      | kuniqs the Spriggan Fire Elementalist began the quest for the Orb.
     0 | D:1      | Reached XP level 1. HP: 9/9 MP: 5/5
    69 | D:1      | Reached skill level 3 in Spellcasting
   162 | D:1      | Reached XP level 2. HP: 13/13 MP: 1/7
   303 | D:1      | Reached skill level 1 in Conjurations
   815 | D:1      | Reached XP level 3. HP: 16/16 MP: 6/8
  1153 | D:1      | Learned a level 2 spell: Throw Flame
  1157 | D:1      | Learned a level 3 spell: Conjure Flame
  1664 | D:2      | Found a bloodstained altar of Trog.
  1771 | D:3      | Found a glowing drain.
  1808 | D:3      | Reached XP level 4. HP: 21/21 MP: 2/10
  1878 | Sewer    | Entered a sewer
  2083 | D:3      | Reached skill level 4 in Spellcasting
  2787 | D:4      | Reached XP level 5. HP: 20/24 MP: 4/12
  2834 | D:5      | Entered Level 5 of the Dungeon
  3047 | D:4      | Reached skill level 5 in Spellcasting
  3224 | D:4      | Learned a level 4 spell: Sticky Flame
  3764 | D:4      | Reached XP level 6. HP: 28/28 MP: 10/15
  4199 | D:4      | Reached skill level 6 in Spellcasting
  4415 | D:2      | Gained mutation: You possess an exceptional clarity of mind. [potion of mutation]
  4415 | D:2      | Gained mutation: You are somewhat resistant to further mutation. [potion of mutation]
  4415 | D:2      | Gained mutation: Your muscles are strong. (Str +2) [potion of mutation]
  4580 | D:3      | Reached XP level 7. HP: 15/32 MP: 11/17
  6032 | D:5      | Found Kyatour's Book Emporium.
  6474 | D:5      | Reached skill level 5 in Fire Magic
  6524 | D:5      | Reached XP level 8. HP: 35/36 MP: 19/19
  6829 | D:4      | Reached skill level 7 in Spellcasting
  7345 | D:5      | Found a burning altar of Makhleb.
  7871 | D:6      | Noticed Sigmund
  7883 | D:6      | Killed Sigmund
  7883 | D:6      | Reached skill level 5 in Conjurations
  8289 | D:6      | Reached XP level 9. HP: 25/39 MP: 12/21
  8326 | D:6      | Learned a level 5 spell: Fireball
  8583 | D:6      | Reached skill level 8 in Spellcasting
  8773 | D:6      | Found a blossoming altar of Fedhas.
  8875 | D:6      | Found a staircase to the Ecumenical Temple.
  8883 | Temple   | Entered the Ecumenical Temple
  8970 | Temple   | Became a worshipper of Kikubaaqudgha
  9095 | D:6      | Found a glowing silver altar of Zin.
 10075 | D:7      | Found Inoich's Book Shoppe.
 10272 | D:7      | Reached skill level 9 in Spellcasting
 10419 | D:7      | Found a shattered altar of Ashenzari.
 10491 | D:7      | Noticed Pikel
 10494 | D:7      | YOU FUCKER
 10526 | D:7      | Killed Pikel
 10526 | D:7      | Reached XP level 10. HP: 44/44 MP: 5/24
 10528 | D:7      | Reached * piety under Kikubaaqudgha
 10528 | D:7      | Identified Kikubaaqudgha's Handbook of Unholy Rituals (Kikubaaqudgha gifted it to you on level 7 of the Dungeon)
 10528 | D:7      | Received a gift from Kikubaaqudgha
 10534 | D:7      | Learned a level 3 spell: Vampiric Draining
 11847 | D:8      | Found a staircase to the Lair.
 12183 | D:8      | Reached ** piety under Kikubaaqudgha
 12183 | D:8      | Reached skill level 1 in Evocations
 12316 | D:9      | Found Cabi's Antique Armour Shoppe.
 12359 | D:9      | Found Missar's Distillery.
 12362 | D:9      | Bought a potion of degeneration for 17 gold pieces
 12488 | D:9      | Found Qateg's Book Shoppe.
 12499 | D:9      | Noticed Erica
 12852 | D:9      | Reached skill level 10 in Spellcasting
 13121 | D:9      | Found Umax's Assorted Antiques.
 13126 | D:9      | Bought a white potion for 18 gold pieces
 13126 | D:9      | Bought a scroll labeled YNUBIE OSAT for 21 gold pieces
 13126 | D:9      | Bought a scroll labeled TICZAM GAPN for 21 gold pieces
 13126 | D:9      | Bought a glowing robe for 77 gold pieces
 13365 | D:10     | Entered Level 10 of the Dungeon
 13623 | D:10     | Noticed a two-headed ogre
 13682 | D:10     | Killed a two-headed ogre
 13682 | D:10     | Reached XP level 11. HP: 47/47 MP: 17/26
 13896 | D:10     | Found a staircase to the Orcish Mines.
 13914 | D:10     | Reached *** piety under Kikubaaqudgha
 13914 | D:10     | Identified Kikubaaqudgha's Incunabulum of Darkness (Kikubaaqudgha gifted it to you on level 10 of the Dungeon)
 13914 | D:10     | Received a gift from Kikubaaqudgha
 13979 | D:10     | Noticed an unseen horror
 14147 | D:10     | Killed an unseen horror
 15143 | D:11     | Noticed a catoblepas
 15170 | D:11     | Killed a catoblepas
 15170 | D:11     | Reached skill level 5 in Evocations
 15256 | Lair:1   | Entered Level 1 of the Lair of Beasts
 15280 | Lair:1   | Reached skill level 10 in Fire Magic
 15370 | Lair:1   | Learned a level 5 spell: Irradiate
 16103 | Lair:2   | Noticed a six-headed hydra
 16158 | Lair:2   | Reached skill level 11 in Spellcasting
 16193 | Lair:2   | Reached **** piety under Kikubaaqudgha
 16196 | Lair:2   | Found a staircase to the Snake Pit.
 16418 | Lair:2   | Killed a six-headed hydra
 16418 | Lair:2   | Reached XP level 12. HP: 51/51 MP: 2/28
 16661 | Lair:2   | Got a warped emerald amulet
 16662 | Lair:2   | Identified the amulet "Nodwuile" {Inacc rElec Str+2} (You found it on level 2 of the Lair of Beasts)
 16810 | Lair:2   | Reached skill level 1 in Necromancy
 17331 | Lair:3   | Noticed an eight-headed hydra
 17429 | Lair:3   | Reached skill level 12 in Spellcasting
 17646 | Lair:3   | Found a staircase to the Swamp.
 17893 | Lair:3   | Killed an eight-headed hydra
 18098 | Lair:3   | Reached skill level 13 in Spellcasting
 18561 | Lair:4   | Noticed a death yak
 18562 | Lair:4   | Noticed a death yak
 18565 | Lair:4   | Noticed a death yak
 18566 | Lair:4   | Noticed a death yak
 18638 | Lair:4   | Noticed a death yak
 18705 | Lair:4   | Killed a death yak
 18743 | Lair:3   | Killed a death yak
 18917 | Lair:4   | Found a frozen archway.
 18917 | Lair:4   | Noticed an ice dragon
 18950 | Lair:4   | Killed an ice dragon
 19071 | Lair:4   | Reached skill level 14 in Spellcasting
 19201 | IceCv    | Entered an ice cave
 19273 | IceCv    | Reached ***** piety under Kikubaaqudgha
 19285 | Lair:4   | Learned a level 4 spell: Animate Dead
 19485 | Lair:4   | Killed a death yak
 19511 | Lair:4   | Killed a death yak
 19511 | Lair:4   | Reached skill level 5 in Necromancy
 19558 | Lair:4   | Killed a death yak
 19850 | Lair:5   | Noticed a seven-headed hydra
 19857 | Lair:4   | Reached XP level 13. HP: 55/55 MP: 32/32
 20330 | Lair:5   | Reached skill level 5 in Stealth
 20805 | Lair:5   | Found a viscous altar of Jiyva.
 20805 | Lair:5   | Found a staircase to the Slime Pits.
 20818 | Lair:5   | Reached skill level 15 in Spellcasting
 21107 | Lair:6   | Entered Level 6 of the Lair of Beasts
 21142 | Lair:6   | Identified the cursed +1 robe of Boiling Hail {MR++ Dex-2} (You found it on level 6 of the Lair of Beasts)
 21150 | Lair:6   | Noticed Josephine
 21169 | Lair:6   | Killed Josephine
 21219 | Lair:6   | Reached skill level 1 in Fighting
 21517 | Lair:6   | Found a labyrinth entrance.
 21565 | Lab      | Entered a labyrinth
 21874 | Lab      | Noticed a minotaur
 21935 | Lab      | Killed a minotaur
 21976 | Lab      | Got a scorched arbalest
 21979 | Lab      | Identified the +9 arbalest of Tartarus {flame, rElec MR+ Dex-5} (You found it in a labyrinth)
 22155 | Lair:6   | Reached skill level 5 in Dodging
 22417 | Lair:6   | Reached skill level 10 in Stealth
 22849 | Lair:6   | Noticed a fire dragon
 23205 | Lair:6   | Found a large runed door.
 23206 | Lair:6   | Found a large runed door.
 23280 | Lair:6   | Reached XP level 14. HP: 63/63 MP: 34/34
 24210 | D:9      | Killed Erica
 24468 | D:11     | AAAH
 24699 | D:11     | Learned a level 4 spell: Fulminant Prism
 24800 | D:11     | Found a portal to a secret trove of treasure.
 24936 | D:11     | Reached skill level 1 in Hexes
 26253 | D:11     | DUMBASS
 26319 | D:11     | FFS
 26354 | D:11     | DIE
 26952 | D:12     | Found a snail-covered altar of Cheibriados.
 27233 | D:12     | Identified the +1 robe of Goryolin {rElec MR+ Regen+ Int-5} (You found it on level 12 of the Dungeon)
 28863 | D:13     | Learned a level 4 spell: Cause Fear
 29122 | D:13     | Reached skill level 5 in Hexes
 29508 | D:13     | Identified the amulet "Timnug" {Reflect rElec rC- SH+5 SInv} (You took it off a yaktaur on level 13 of the Dungeon)
 29606 | D:13     | Found a gate to the Vaults.
 29844 | D:14     | Found Wigimp's Weapon Emporium.
 30852 | D:15     | Entered Level 15 of the Dungeon
 31472 | D:15     | Reached XP level 15. HP: 23/71 MP: 29/35
 31638 | D:15     | Reached skill level 5 in Fighting
 31797 | D:15     | Noticed a bone dragon
 31993 | D:15     | Killed a bone dragon
 32074 | D:15     | Reached skill level 10 in Dodging
 32242 | D:15     | Learned a level 4 spell: Summon Lightning Spire
 32921 | Orc:1    | Entered Level 1 of the Orcish Mines
 33344 | Orc:1    | Noticed Gastronok
 33389 | Orc:1    | Killed Gastronok
 33389 | Orc:1    | Reached skill level 1 in Air Magic
 33843 | Orc:2    | Entered Level 2 of the Orcish Mines
 34310 | Orc:2    | Reached skill level 1 in Summonings
 34977 | Orc:2    | Reached ****** piety under Kikubaaqudgha
 35367 | Orc:2    | Found Esetouji's Weapon Emporium.
 35367 | Orc:2    | Found Yruurett's Book Boutique.
 35369 | Orc:2    | Found Obbih's Assorted Antiques.
 35371 | Orc:2    | Found Zeunuem's Assorted Antiques.
 35378 | Orc:2    | Bought a fuming pink potion for 35 gold pieces
 35585 | Orc:2    | Found a staircase to the Elven Halls.
 36040 | Swamp:1  | Entered Level 1 of the Swamp
 36079 | Lair:2   | Reached skill level 16 in Spellcasting
 36510 | Lair:3   | Reached skill level 1 in Transmutations
 37903 | Swamp:2  | Identified the +5 spear of Kouskuep {venom, rC+ Str+6} (You found it on level 2 of the Swamp)
 38454 | Swamp:2  | Reached XP level 16. HP: 51/78 MP: 37/37
 38927 | Swamp:3  | Noticed a thorn hunter
 38932 | Swamp:3  | Noticed a thorn hunter
 38932 | Swamp:3  | Killed a thorn hunter
 39054 | Swamp:3  | Noticed Nikola
 39511 | Swamp:3  | Killed a thorn hunter
 40060 | Swamp:3  | Killed Nikola
 40060 | Swamp:3  | Reached skill level 17 in Spellcasting
 40065 | Swamp:3  | Received a gift from Kikubaaqudgha
 40079 | Swamp:3  | Learned a level 8 spell: Necromutation
 40147 | Swamp:3  | Reached skill level 5 in Transmutations
 40504 | Swamp:4  | Entered Level 4 of the Swamp
 40799 | Swamp:4  | Noticed p0werm0de's ghost (adept OpWz)
 40805 | Swamp:4  | Killed p0werm0de's ghost
 41586 | Swamp:4  | Reached skill level 10 in Necromancy
 41973 | Swamp:4  | Reached skill level 18 in Spellcasting
 42152 | Swamp:4  | Noticed a thorn hunter
 42323 | Swamp:4  | Noticed the 27-headed Lernaean hydra
 42331 | Swamp:4  | HP: 2/79 [the 27-headed Lernaean hydra (2)]
 42331 | Swamp:4  | Mangled by the 27-headed Lernaean hydra

Vault maps used:
D:1:      minmay_arrival_three_doors
D:2:      lemuel_doored_altar, first_bread
D:3:      gup_sewer_entry_glass
D:4:      lemuel_castle_with_subvaults
D:5:      kennysheep_six_static_rooms, grunt_temple_overflow_champion_of_chaos,
          serial_shops, nicolae_shop_trees
D:6:      fedhas_altar_decomposition, zin_statuary,
          minmay_temple_entry_glassed_door, uniq_sigmund
D:7:      kennysheep_seaside_town, serial_shops, shop, minmay_ruined_shrine,
          uniq_pikel
D:8:      lair_entry_dummy
D:9:      serial_shops, shop, kennysheep_little_box, shop_statue,
          kennysheep_mini, grunt_livestock, hangedman_minor_gate_pass,
          uniq_erica
D:10:     kennysheep_orc_monster_closet_entryway
D:11:     minmay_chopped_fan, enter_trove_0, kennysheep_generic_room_6
D:12:     cheibriados_altar_1
D:13:     hangedman_vaults_entry_quadrant_bands
D:14:     lemuel_traditional_vault, serial_shops, nicolae_shop_trees
D:15:     grunt_enter_depths_snipers, minmay_guarded_unrand_zonguldrok
Temple:   minmay_crystal_spiral_temple
Lair:1:   serial_bayou_shore_b
Lair:2:   guppyfry_snake_entry_garden, eino_small_chamber_without_monster,
          serial_bayou_shore_a
Lair:3:   swamp_mist_pool, minmay_lair_oklob_chamber
Lair:4:   portal_ice_cave_entry_animals_and_master, beast_lair_carwin_6
Lair:5:   slime_altar_1
Lair:6:   cheibrodos_lair_end_hotspot, lab_entry_generic, uniq_josephine
Swamp:1:  evilmike_swamp_ruin_house_3
Swamp:2:  hangedman_swamp_ruin_wall, swamp_pool5
Swamp:3:  evilmike_swamp_ruin_house_4, uniq_nikola
Swamp:4:  swamp_basic_johnstein, swamp_pool3
Orc:1:    cheibrodos_orc_guarddog, uniq_gastronok
Orc:2:    st_orc_rangers
Lab:      labyrinth_watery
Sewer:    sewer_minmay_treatment
IceCv:    ice_cave_caverns_03

Skill      XL: |  1  2  3  4  5  6  7  8  9 10 11 12 13 14 15 16 |
---------------+-------------------------------------------------+-----
Spellcasting   | 3 4 5 6 7 9 10 11 14 15 16 18 | 18.0
Conjurations   | 1 2 4 5 6 8 9 |  9.3
Fire Magic     | 3 4 5 6 7 9 10 | 10.4
Evocations     | 3 6 |  6.0
Necromancy     | 5 7 8 9 10 | 10.4
Stealth        | 11 14 | 14.5
Fighting       | 2 4 6 |  6.6
Dodging        | 6 9 11 12 | 12.0
Hexes          | 6 |  6.0
Air Magic      | 2 |  2.7
Summonings     | 2 |  2.9
Transmutations | 3 8 |  8.0

Action                   |  1- 3 |  4- 6 |  7- 9 | 10-12 | 13-15 | 16-18 || total
-------------------------+-------+-------+-------+-------+-------+-------++-------
Melee: Unarmed           |     1 |       |       |       |       |       ||     1
       Short sword       |       |     3 |       |       |       |       ||     3
       Spear             |       |       |   134 |    66 |    29 |       ||   229
 Fire: Arbalest          |       |       |       |       |   568 |    35 ||   603
 Cast: Flame Tongue      |    78 |    86 |    96 |   578 |   222 |       ||  1060
       Throw Flame       |     1 |    91 |   231 |   210 |   478 |       ||  1011
       Conjure Flame     |       |       |     4 |    15 |    40 |       ||    59
       Sticky Flame      |       |       |     4 |    34 |   108 |    27 ||   173
       Fireball          |       |       |     1 |       |    75 |   159 ||   235
       Animate Dead      |       |       |       |     5 |    48 |     7 ||    60
       Vampiric Draining |       |       |       |       |     2 |       ||     2
       Fulminant Prism   |       |       |       |       |    65 |       ||    65
       Cause Fear        |       |       |       |       |    18 |       ||    18
       Irradiate         |       |       |       |       |     6 |    13 ||    19
Invok: Receive Corpses   |       |       |       |     4 |    20 |     2 ||    26
       Receive Necronomi |       |       |       |       |       |     1 ||     1
Evoke: Wand              |       |       |       |     2 |     9 |     2 ||    13
       Lightning rod     |       |       |       |       |       |     3 ||     3
  Use: Potion            |       |     1 |       |     4 |     3 |     3 ||    11
       Scroll            |       |       |       |    20 |    19 |       ||    39
 Stab: Sleeping          |       |       |     1 |       |     1 |       ||     2
       Distracted        |       |       |       |       |     1 |       ||     1
  Eat: Royal jelly       |       |     1 |     2 |     5 |     9 |       ||    17
       Fruit             |       |       |     1 |       |    11 |     3 ||    15
Armor: Robe              |     2 |     6 |    35 |    29 |    91 |    22 ||   185
       Troll leather arm |       |       |       |    15 |       |       ||    15
Dodge: Dodged            |    17 |    30 |   136 |   157 |   529 |   102 ||   971
